 Dungeon Crawl Stone Soup version 0.26-a0-854-gdc81c2f471 (webtiles) character file.

Game seed: 1746957794817063159

138 robertstho the Firebug (level 5, -2/28 HPs)
             Began as a Deep Elf Fire Elementalist on Nov 23, 2020.
             Slain by an adder (3 damage)
             ... on level 3 of the Dungeon.
             The game lasted 00:04:04 (1729 turns).

robertstho the Firebug (Deep Elf Fire Elementalist) Turns: 1729, Time: 00:04:04

Health: -2/28      AC:  4    Str:  5    XL:     5   Next: 1%
Magic:  13/13      EV:  9    Int: 21    God:
Gold:   103        SH:  0    Dex: 15    Spells: 12/13 levels left

rFire    . . .     SeeInvis .   i - +4 dagger
rCold    . . .     Faith    .   (no shield)
rNeg     . . .     Spirit   .   a - +0 robe
rPois    .         Reflect  .   (no helmet)
rElec    .         Harm     .   (no cloak)
rCorr    .         Rampage  .   n - +0 pair of gloves
MR       .....                  d - +0 pair of boots
Stlth    ++........             (no amulet)
HPRegen  0.09/turn              j - -4 ring of evasion
MPRegen  0.13/turn              (no ring)

@: lethally poisoned (-2 -> -4)
A: no striking features
a: no special abilities


You were on level 3 of the Dungeon.
You visited 1 branch of the dungeon, and saw 3 of its levels.

You collected 103 gold pieces.

Inventory:

Hand Weapons
 b - a +0 short sword
 i - a +4 dagger (weapon)
Armour
 a - a +0 robe (worn)
 d - a +0 pair of boots (worn)
 n - a +0 pair of gloves (worn)
Jewellery
 j - a -4 ring of evasion (left hand)
 o - an uncursed amulet of guardian spirit
Scrolls
 c - a scroll of amnesia {unknown}
 e - a scroll of enchant weapon {unknown}
 f - 4 scrolls of remove curse
 g - 2 scrolls of identify
 k - a scroll of fear {unknown}


   Skills:
 + Level 0.1 Short Blades
 + Level 2.6 Dodging
 + Level 2.7 Stealth
 * Level 4.6 Spellcasting
 * Level 2.2 Conjurations
 * Level 4.8 Fire Magic


You had 12 spell levels left.
You knew the following spells:

 Your Spells              Type           Power        Failure   Level
a - Foxfire               Conj/Fire      ###.         2%          1

Your spell library contained the following spells:

 Spells                   Type           Power        Failure   Level
 Conjure Flame            Conj/Fire      ###.....     8%          3
 Inner Flame              Hex/Fire       ###.....     13%         3
 Sticky Flame             Conj/Fire      ###.....     26%         4
 Fireball                 Conj/Fire      ###.......   58%         5


Dungeon Overview and Level Annotations

Branches:
Dungeon (3/15)

Altars:
Yredelemnul


Message History

You're too confused to move!
You feel sick. The adder bites you.
You hear some strange, mumbled words.
A puff of flame appears from out of thin air!
The puff of flame hits you.
You closely miss the adder. The adder closely misses you.
Something hits you but does no damage.
You closely miss the adder. The adder bites you. Something hits you.
The adder barely misses you.
You're too confused to move!
You feel less invigorated.
You feel less confused.
You feel sick. The adder bites you. Something hits you!
* * * LOW HITPOINT WARNING * * *
You barely miss the adder. The adder bites you.
* * * LOW HITPOINT WARNING * * *
Something hits you.
* * * LOW HITPOINT WARNING * * *
You hit the adder.
The adder is moderately wounded.
The adder bites you.
You die...

#########
#########
#@S......
........#
#{#######
#######.# #.#
#.########.######
##
#.................
.####
##########.##..##.
..... #$.. .# .###
#.#.(.# ## ##...##


You could see an adder.

Vanquished Creatures
  An orc wizard (D:3)
  Terence (D:3)
  4 adders (D:2)
  A worm (D:2)
  2 dart slugs (D:1)
  A leopard gecko (D:2)
  3 orcs (D:3)
  5 bats
  A giant cockroach (D:2)
  5 goblins
  5 hobgoblins
  2 ball pythons (D:1)
  A frilled lizard (D:2)
  3 kobolds
  8 rats
43 creatures vanquished.

Vanquished Creatures (others)
  132 foxfires
132 creatures vanquished.

Grand Total: 175 creatures vanquished

Notes
Turn   | Place    | Note
-------+----------+-------------------------------------------
     0 | D:1      | robertstho the Deep Elf Fire Elementalist began the quest
                  | for the Orb.
     0 | D:1      | Reached XP level 1. HP: 10/10 MP: 6/6
    28 | D:1      | Reached XP level 2. HP: 15/15 MP: 0/8
   846 | D:2      | Reached XP level 3. HP: 19/19 MP: 6/10
   967 | D:2      | Found a basalt altar of Yredelemnul.
  1325 | D:2      | Reached XP level 4. HP: 24/24 MP: 7/11
  1542 | D:3      | Noticed Terence
  1564 | D:3      | Killed Terence
  1721 | D:3      | Reached XP level 5. HP: 18/28 MP: 4/13
  1728 | D:3      | HP: 1/28 [something (3)]
  1729 | D:3      | Slain by an adder

Illustrated notes

Levels and vault maps discovered:
D:1:      nicolae_arrival_memento_mori, layout_rooms, hangedman_glass_teeth,
          minmay_crystal_room, minivault_27, minmay_surrounded
D:2:      layout_basic, yredelemnul_altar_generic
D:3:      layout_loops_ring, tgw_trog, uniq_terence, uniq_crazy_yiuf_cottage,
          uniq_robin

Skill      XL: |  1  2  3  4 |
---------------+-------------+-----
Fire Magic     | 4 |  4.8
Conjurations   | 2 |  2.2
Spellcasting   | 4 |  4.6
Short Blades   | |  0.1
Dodging        | |  2.6
Stealth        | |  2.7

Action                   |  1- 3 |  4- 6 || total
-------------------------+-------+-------++-------
Melee: Dagger            |       |    32 ||    32
 Cast: Foxfire           |    57 |    27 ||    84
  Use: Potion            |       |     3 ||     3
       Scroll            |       |     2 ||     2
Armor: Robe              |     5 |     7 ||    12
       Skin              |       |    31 ||    31
Dodge: Dodged            |     3 |    21 ||    24

Table legend: (Time is in decaauts)
 A = Elapsed time spent in this place.
 B = Non-inter-level travel time spent in this place.
 C = Inter-level travel time spent in this place.
 D = Time resting spent in this place.
 E = Time spent auto-exploring this place.
 F = Levels seen in this place.
 G = Mean time per level.
                   A        B        C        D        E       F      G
               +--------+--------+--------+--------+--------+-----+--------+
         Total |   1726 |   1632 |     94 |      0 |   1370 |   3 |  575.3 |
       Dungeon |   1726 |   1632 |     94 |      0 |   1370 |   3 |  575.3 |
               +--------+--------+--------+--------+--------+-----+--------+

Top non-repeatable levels by time:
     D:1: 841 daAuts
     D:2: 642 daAuts
     D:3: 243 daAuts
